 Dungeon Crawl Stone Soup version 0.17.0-56-gd8de76c (webtiles) character file.

46 dvd the Shield-Bearer (level 3, -2/30 HPs)
             Began as a Formicid Fighter on Dec 6, 2015.
             Killed from afar by a raiju (12 damage)
             ... with a living lightning
             ... on level 1 of the Abyss.
             The game lasted 00:03:14 (1077 turns).

dvd the Shield-Bearer (Formicid Fighter)            Turns: 1077, Time: 00:03:14

Health: -2/30      AC:  6    Str: 20    XL:     3   Next: 92%
Magic:  3/3        EV:  8    Int:  7    God:
Gold:   148        SH:  9    Dex: 11    Spells: 0 memorised, 2 levels left

rFire  . . .     SeeInvis +     a - +0 war axe
rCold  . . .     Clarity  .     b - +0 scale mail
rNeg   + . .     SustAt   .     c - +0 shield
rPois  .         Gourm    .     (helmet unavailable)
rElec  .         Spirit   .     (no cloak)
rCorr  .         Warding  +     (no gloves)
rMut   .         Stasis   +     (no boots)
MR     .....                    p - amulet of warding
Stlth  ..........               (no ring)
                                (no ring)

@: not resistant to hostile enchantments, extremely unstealthy
A: permanent stasis, dig shafts and tunnels, four strong arms, antennae 3
a: Dig, Shaft Self


You were on level 1 of the Abyss.
You were hungry.

You visited 1 branch of the dungeon, and saw 2 of its levels.
You visited the Abyss 1 time.

You collected 148 gold pieces.

Inventory:

Hand Weapons
 a - a +0 war axe (weapon)
Armour
 b - a +0 scale mail (worn)
 c - a +0 shield (worn)
 r - a cursed -1 robe
Jewellery
 p - an amulet of warding (around neck)
Scrolls
 j - 3 scrolls of teleportation {unknown}
 k - a scroll of noise {unknown}
 l - 2 scrolls of identify {unknown}
 n - a scroll of fear {unknown}
 q - a scroll of amnesia {unknown}
 s - a scroll of immolation {unknown}
 t - a scroll of fog {unknown}
 u - a scroll of remove curse {unknown}
Potions
 d - a potion of might
 f - a potion of invisibility {unknown}
 m - a potion of curing {unknown}
 o - a potion of flight {unknown}
 w - a potion of degeneration {unknown}
Comestibles
 e - 2 bread rations
 g - 2 slices of pizza
 h - a beef jerky
 i - 3 fruits
 v - a chunk of flesh


   Skills:
 + Level 3.8 Fighting
 + Level 2.2 Axes
 + Level 3.5 Armour
 + Level 0.6 Dodging
 + Level 4.3 Shields


You had 2 spell levels left.
You didn't know any spells.

Dungeon Overview and Level Annotations

Branches:
Dungeon (2/15)

Altars:


Innate Abilities, Weirdness & Mutations

You are under a permanent stasis effect.
You can dig through walls and to a lower floor.
Your four strong arms can wield two-handed weapons with a shield.
You have a pair of large antennae on your head (SInv).


Message History

A large abomination comes into view.
The large abomination barely misses you.
Found a gateway leading deeper into the Abyss.
A raiju comes into view.
The raiju barks!
A raiju comes into view.
There is a gateway leading deeper into the Abyss here.
Found 23 gold pieces.
The raiju barks!
The raiju bursts into living lightning!
The living lightning hits you!
Ouch! That really hurt!
The raiju blinks!
A quasit comes into view.
A guardian serpent comes into view.
The guardian serpent shouts!
The guardian serpent barely misses you.
The raiju bursts into living lightning!
The living lightning hits you!
You die...

..
##.####.#.#####..{##h##
. ....#.##.#..§#{.....#
#..# ..
..##..>#.##..#..# . .#.
.§ #....#...$.... ## X
### #.#.#...#..# . §#{
#######....# ... {
#.#.#h.#.# .. ..
#.S.#.# .. . ..
#.@###.. . #.....# #...
#.#.##..# ##.# .. #.
.## .. ## . .# . .. .#
.. #. #.. #


You could see a guardian serpent and a raiju.

Vanquished Creatures
  An adder (D:2)
  A gnoll (D:1)
  A giant cockroach (D:1)
  6 hobgoblins
  4 bats (D:1)
  4 giant geckos (D:1)
  2 giant newts
  A goblin (D:2)
  4 kobolds (D:1)
  5 rats
29 creatures vanquished.

Notes
Turn   | Place    | Note
--------------------------------------------------------------
     0 | D:1      | dvd the Formicid Fighter began the quest for the Orb.
     0 | D:1      | Reached XP level 1. HP: 18/18 MP: 1/1
   221 | D:1      | Reached XP level 2. HP: 22/24 MP: 2/2
   403 | D:1      | Reached skill level 4 in Shields
   529 | D:1      | Reached XP level 3. HP: 30/30 MP: 3/3
   991 | D:2      | Cast into the Abyss (kobold)
  1040 | Abyss:1  | Noticed a large abomination
  1050 | Abyss:1  | Noticed a large abomination
  1070 | Abyss:1  | Noticed a raiju
  1071 | Abyss:1  | Noticed a raiju
  1076 | Abyss:1  | Noticed a guardian serpent
  1077 | Abyss:1  | Killed from afar by a raiju

Action                   || total
-------------------------++-------
Melee: War axe           ||    81
 Abil: Dig               ||     3
